TOP OF THE 1ST |
Mile High Broncos batting - Pitching for District 9 Prawns : RHP Mike Stabler
|
Pitching: RHP Mike Stabler
|
|
Batting: SHB Tom Stevens
|
0-0: Foul Ball, location: 2F 0-1: Foul Ball, location: 2F 0-2: Ball 1-2: Fly out, F7 (Flyball, 7LDF)
|
Batting: SHB Paco Martínez
|
0-0: Foul Ball, location: 2F 0-1: Ball 1-1: Ground out 4-3 (Groundball, 4)
|
Batting: LHB Tony Báez
|
0-0: Fly out, F8 (Flyball, 8LD)
|
Top of the 1st over - 0 run(s), 0 hit(s), 0 error(s), 0 left on base; Mile High 0 - District 9 0 |
BOTTOM OF THE 1ST |
District 9 Prawns batting - Pitching for Mile High Broncos : RHP Luis De Los Ángeles
|
Pitching: RHP Luis De Los Ángeles
|
|
Batting: RHB Félix Sánchez
|
0-0: Ball 1-0: Foul Ball, location: 2F 1-1: Foul Ball, location: 2F 1-2: Foul Ball, location: 2F 1-2: Ground out 5-3 (Groundball, 56)
|
Batting: SHB Mark Pope
|
0-0: Ball 1-0: Called Strike 1-1: Ball 2-1: Foul Ball, location: 2F 2-2: Foul Ball, location: 2F 2-2: DOUBLE (Groundball, 3D)
|
Batting: LHB Leonard Harvey
|
0-0: Ball 1-0: Ball 2-0: Fly out, F2 (Popup, 2LF)
|
Batting: RHB Jesús Cruz
|
0-0: Swinging Strike 0-1: Ball 1-1: Called Strike 1-2: Strikes out swinging
|
Bottom of the 1st over - 0 run(s), 1 hit(s), 0 error(s), 1 left on base; Mile High 0 - District 9 0 |
TOP OF THE 2ND |
Mile High Broncos batting - Pitching for District 9 Prawns : RHP Mike Stabler
|
Batting: RHB António Martínez
|
0-0: Foul Ball, location: 2F 0-1: Swinging Strike 0-2: Strikes out swinging
|
Batting: RHB David Moran
|
0-0: Ball 1-0: Ball 2-0: Called Strike 2-1: Ball 3-1: Swinging Strike 3-2: Strikes out swinging
|
Batting: RHB Bo Vickers
|
0-0: Fly out, F6 (Popup, 6MD)
|
Top of the 2nd over - 0 run(s), 0 hit(s), 0 error(s), 0 left on base; Mile High 0 - District 9 0 |
BOTTOM OF THE 2ND |
District 9 Prawns batting - Pitching for Mile High Broncos : RHP Luis De Los Ángeles
|
Batting: RHB Lateef Makini
|
0-0: Ground out 1-3 (Groundball, 13S)
|
Batting: LHB Leonard Young
|
0-0: Called Strike 0-1: Swinging Strike 0-2: Ground out 6-3 (Groundball, 6)
|
Batting: RHB Brian Jackson
|
0-0: Foul Ball, location: 2F 0-1: Ball 1-1: Swinging Strike 1-2: Ball 2-2: DOUBLE (Popup, 7LS)
|
Batting: RHB Lúcio García
|
0-0: Ball 1-0: Foul Ball, location: 2F 1-1: Ground out 6-3 (Groundball, 6M)
|
Bottom of the 2nd over - 0 run(s), 1 hit(s), 0 error(s), 1 left on base; Mile High 0 - District 9 0 |
TOP OF THE 3RD |
Mile High Broncos batting - Pitching for District 9 Prawns : RHP Mike Stabler
|
Batting: RHB Su-kweon Yu
|
0-0: Ball 1-0: Ball 2-0: Ball 3-0: Base on Balls
|
Batting: LHB Pat Weaver
|
0-0: Swinging Strike 0-1: Called Strike 0-2: Ball 1-2: Ball 2-2: SINGLE (Flyball, 7S) Su-kweon Yu to second
|
Batting: RHB Francisco Medina
|
0-0: Ball 1-0: Ball 2-0: Called Strike 2-1: DOUBLE (Groundball, 5L) Su-kweon Yu scores Pat Weaver to third
|
Batting: SHB Tom Stevens
|
0-0: Foul Ball, location: 2F 0-1: Swinging Strike 0-2: Ball 1-2: Ball 2-2: Strikes out swinging
|
Batting: SHB Paco Martínez
|
0-0: Ball 1-0: Called Strike 1-1: Fly out, F5 (Line Drive, 5)
|
Batting: LHB Tony Báez
|
0-0: Hit by Pitch
|
Batting: RHB António Martínez
|
0-0: Ball 1-0: Foul Ball, location: 2F 1-1: Ball 2-1: Called Strike 2-2: Ground out 4-3 (Groundball, 34)
|
Top of the 3rd over - 1 run(s), 2 hit(s), 0 error(s), 3 left on base; Mile High 1 - District 9 0 |
BOTTOM OF THE 3RD |
District 9 Prawns batting - Pitching for Mile High Broncos : RHP Luis De Los Ángeles
|
Batting: RHB Tony Guzmán
|
0-0: Ball 1-0: Ball 2-0: Ball 3-0: Called Strike 3-1: Foul Ball, location: 2F 3-2: Strikes out swinging
|
Batting: RHB Félix Sánchez
|
0-0: Called Strike 0-1: Ball 1-1: SINGLE (Line Drive, 6M)
|
Batting: SHB Mark Pope
|
0-0: Called Strike Félix Sánchez steals 2nd base 0-1: Ball 1-1: Ball 2-1: Ball Félix Sánchez is caught stealing 3rd base 3-1: Foul Ball, location: 2F 3-2: Fly out, F4 (Popup, 4M)
|
Bottom of the 3rd over - 0 run(s), 1 hit(s), 0 error(s), 0 left on base; Mile High 1 - District 9 0 |
TOP OF THE 4TH |
Mile High Broncos batting - Pitching for District 9 Prawns : RHP Mike Stabler
|
Batting: RHB David Moran
|
0-0: Ground out 4-3 (Groundball, 4)
|
Batting: RHB Bo Vickers
|
0-0: Swinging Strike 0-1: Swinging Strike 0-2: SINGLE (Line Drive, 8LS)
|
Batting: RHB Su-kweon Yu
|
0-0: Ball 1-0: Foul Ball, location: 2F 1-1: Grounds into double play, 5-4-3 (Groundball, 56)
|
Top of the 4th over - 0 run(s), 1 hit(s), 0 error(s), 0 left on base; Mile High 1 - District 9 0 |
BOTTOM OF THE 4TH |
District 9 Prawns batting - Pitching for Mile High Broncos : RHP Luis De Los Ángeles
|
Batting: LHB Leonard Harvey
|
0-0: Called Strike 0-1: Called Strike 0-2: Foul Ball, location: 2F 0-2: SINGLE (Line Drive, 4MD)
|
Batting: RHB Jesús Cruz
|
0-0: Fly out, F8 (Flyball, 8RXD)
|
Batting: RHB Lateef Makini
|
0-0: Ball 1-0: Fly out, F4 (Line Drive, 4)
|
Batting: LHB Leonard Young
|
0-0: Fielders Choice at 2nd, U4 (Groundball, 4M)
|
Bottom of the 4th over - 0 run(s), 1 hit(s), 0 error(s), 1 left on base; Mile High 1 - District 9 0 |
TOP OF THE 5TH |
Mile High Broncos batting - Pitching for District 9 Prawns : RHP Mike Stabler
|
Batting: LHB Pat Weaver
|
0-0: SINGLE (Groundball, 34)
|
Batting: RHB Francisco Medina
|
0-0: Called Strike 0-1: Foul Ball, location: 2F 0-2: Ball 1-2: DOUBLE (Line Drive, 89M) Pat Weaver to third
|
Batting: SHB Tom Stevens
|
0-0: Ball 1-0: Ball 2-0: Called Strike 2-1: Ball Wild Pitch! Pat Weaver scores Francisco Medina to third 3-1: Base on Balls
|
Batting: SHB Paco Martínez
|
0-0: Foul Ball, location: 2F 0-1: Ball 1-1: Ball 2-1: SINGLE (Flyball, 89S) Francisco Medina scores Tom Stevens to second Runner from 2nd tries for 3rd, SAFE, throw made to third
|
Pitching: RHP Emílio Cordero
|
|
Batting: LHB Tony Báez
|
0-0: Called Strike 0-1: Called Strike 0-2: Ball 1-2: Ball 2-2: Foul Ball, location: 2F 2-2: Ball 3-2: Strikes out swinging Paco Martínez is caught stealing 2nd base Batter strikes out.
|
Batting: RHB António Martínez
|
0-0: Ground out 5-3 (Groundball, 5)
|
Top of the 5th over - 2 run(s), 3 hit(s), 0 error(s), 1 left on base; Mile High 3 - District 9 0 |
BOTTOM OF THE 5TH |
District 9 Prawns batting - Pitching for Mile High Broncos : RHP Luis De Los Ángeles
|
Batting: RHB Brian Jackson
|
0-0: Called Strike 0-1: Ball 1-1: Ball 2-1: Swinging Strike 2-2: Ball 3-2: Foul Ball, location: 2F 3-2: Strikes out swinging
|
Batting: RHB Lúcio García
|
0-0: Ball 1-0: Foul Ball, location: 2F 1-1: Foul Ball, location: 2F 1-2: Ball 2-2: Foul Ball, location: 2F 2-2: Strikes out swinging
|
Batting: RHB Tony Guzmán
|
0-0: SINGLE (Line Drive, 6M)
|
Batting: RHB Félix Sánchez
|
0-0: Ball 1-0: Foul Ball, location: 2F 1-1: Ball 2-1: Ground out 2-3 (Groundball, 2L)
|
Bottom of the 5th over - 0 run(s), 1 hit(s), 0 error(s), 1 left on base; Mile High 3 - District 9 0 |
TOP OF THE 6TH |
Mile High Broncos batting - Pitching for District 9 Prawns : RHP Emílio Cordero
|
Batting: RHB David Moran
|
0-0: Ball 1-0: Ball 2-0: Called Strike 2-1: Foul Ball, location: 2F 2-2: Ball 3-2: Strikes out swinging
|
Batting: RHB Bo Vickers
|
0-0: Foul Ball, location: 2F 0-1: Ball 1-1: Swinging Strike 1-2: Fly out, F4 (Popup, 4MD)
|
Batting: RHB Su-kweon Yu
|
0-0: Swinging Strike 0-1: Called Strike 0-2: Ground out 5-3 (Groundball, 56)
|
Top of the 6th over - 0 run(s), 0 hit(s), 0 error(s), 0 left on base; Mile High 3 - District 9 0 |
BOTTOM OF THE 6TH |
District 9 Prawns batting - Pitching for Mile High Broncos : RHP Luis De Los Ángeles
|
Batting: SHB Mark Pope
|
0-0: Ball 1-0: Ground out 4-3 (Groundball, 4M)
|
Batting: LHB Leonard Harvey
|
0-0: Fly out, F6 (Line Drive, 6M)
|
Batting: RHB Jesús Cruz
|
0-0: Called Strike 0-1: Ball 1-1: Foul Ball, location: 2F 1-2: Ball 2-2: Fly out, F8 (Flyball, 8RS)
|
Bottom of the 6th over - 0 run(s), 0 hit(s), 0 error(s), 0 left on base; Mile High 3 - District 9 0 |
TOP OF THE 7TH |
Mile High Broncos batting - Pitching for District 9 Prawns : RHP Emílio Cordero
|
Pitching: LHP Pedro Valdés
|
|
Batting: LHB Pat Weaver
|
0-0: Ball 1-0: Called Strike 1-1: Foul Ball, location: 2F 1-2: Strikes out swinging
|
Batting: RHB Francisco Medina
|
0-0: Ball 1-0: Foul Ball, location: 2F 1-1: Called Strike 1-2: Ball 2-2: Ball 3-2: Strikes out swinging
|
Batting: SHB Tom Stevens
|
0-0: Ball 1-0: Foul Ball, location: 2F 1-1: Ground out 4-3 (Groundball, 4)
|
Top of the 7th over - 0 run(s), 0 hit(s), 0 error(s), 0 left on base; Mile High 3 - District 9 0 |
BOTTOM OF THE 7TH |
District 9 Prawns batting - Pitching for Mile High Broncos : RHP Luis De Los Ángeles
|
Batting: RHB Lateef Makini
|
0-0: Ball 1-0: Swinging Strike 1-1: Foul Ball, location: 2F 1-2: Ball 2-2: Ground out 3-1 (Groundball, 34)
|
Batting: LHB Leonard Young
|
0-0: Ball 1-0: SINGLE (Flyball, 89S)
|
Batting: RHB Brian Jackson
|
0-0: Called Strike 0-1: Foul Ball, location: 2F 0-2: Ball 1-2: Grounds into double play, 1-6-3 (Groundball, 13)
|
Bottom of the 7th over - 0 run(s), 1 hit(s), 0 error(s), 0 left on base; Mile High 3 - District 9 0 |
TOP OF THE 8TH |
Mile High Broncos batting - Pitching for District 9 Prawns : LHP Pedro Valdés
|
Batting: SHB Paco Martínez
|
0-0: Ball 1-0: Ball 2-0: Called Strike 2-1: Ball 3-1: Fly out, F9 (Flyball, 9S)
|
Batting: LHB Tony Báez
|
0-0: Foul Ball, location: 2F 0-1: SINGLE (Line Drive, 8LS)
|
Batting: RHB António Martínez
|
0-0: Called Strike 0-1: Swinging Strike 0-2: Ball 1-2: Strikes out swinging
|
Batting: RHB David Moran
|
0-0: Swinging Strike 0-1: Ball 1-1: Ball 2-1: Called Strike 2-2: Fly out, F3 (Popup, 3L)
|
Top of the 8th over - 0 run(s), 1 hit(s), 0 error(s), 1 left on base; Mile High 3 - District 9 0 |
BOTTOM OF THE 8TH |
District 9 Prawns batting - Pitching for Mile High Broncos : RHP Luis De Los Ángeles
|
Batting: RHB Lúcio García
|
0-0: Swinging Strike 0-1: Swinging Strike 0-2: Ball 1-2: Strikes out swinging
|
Batting: RHB Tony Guzmán
|
0-0: Ball 1-0: Reached on error, E5 (Groundball, 56)
|
Batting: RHB Félix Sánchez
|
0-0: Grounds into double play, 6-4-3 (Groundball, 6)
|
Bottom of the 8th over - 0 run(s), 0 hit(s), 1 error(s), 0 left on base; Mile High 3 - District 9 0 |
TOP OF THE 9TH |
Mile High Broncos batting - Pitching for District 9 Prawns : LHP Pedro Valdés
|
Batting: RHB Bo Vickers
|
0-0: Ball 1-0: Foul Ball, location: 2F 1-1: Ball 2-1: Ball 3-1: Base on Balls
|
Batting: RHB Su-kweon Yu
|
0-0: Bunted foul 0-1: Bunted foul 0-2: Ball 1-2: Grounds into double play, 4-6-3 (Groundball, 34)
|
Pitching: RHP Bill McKinney
|
|
Batting: LHB Pat Weaver
|
0-0: Foul Ball, location: 2F 0-1: Foul Ball, location: 2F 0-2: SINGLE (Line Drive, 8LS)
|
Batting: RHB Francisco Medina
|
0-0: Ball 1-0: Called Strike 1-1: Ball 2-1: SINGLE (Groundball, 56D) Pat Weaver to second
|
Batting: SHB Tom Stevens
|
0-0: Called Strike 0-1: Foul Ball, location: 2F 0-2: Strikes out looking
|
Top of the 9th over - 0 run(s), 2 hit(s), 0 error(s), 2 left on base; Mile High 3 - District 9 0 |
BOTTOM OF THE 9TH |
District 9 Prawns batting - Pitching for Mile High Broncos : RHP Luis De Los Ángeles
|
Batting: SHB Mark Pope
|
0-0: Called Strike 0-1: Ball 1-1: Ball 2-1: Called Strike 2-2: Foul Ball, location: 2F 2-2: Ball 3-2: Base on Balls
|
Pitching: RHP Tony Marrero
|
|
Batting: LHB Leonard Harvey
|
0-0: Called Strike 0-1: Ball 1-1: Foul Ball, location: 2F 1-2: Foul Ball, location: 2F 1-2: 2-RUN HOME RUN (Flyball, 9D), Distance : 405 ft
|
Pinch Hitting: LHB Enrique Nalasco
|
0-0: Ball 1-0: Ball 2-0: SINGLE (Line Drive, 56D)
|
Pinch Hitting: RHB Mal Snyder
|
0-0: Foul Ball, location: 2F 0-1: Ball 1-1: Ball 2-1: Called Strike 2-2: Strikes out swinging
|
Batting: LHB Leonard Young
|
0-0: Ball 1-0: Called Strike 1-1: Ball 2-1: Foul Ball, location: 2F 2-2: Fly out, F9 (Flyball, 9D)
|
Pinch Hitting: SHB Tommy Bourassa
|
0-0: Ball 1-0: Ball Throwing error on steal attempt, E2 Enrique Nalasco to third 2-0: Called Strike 2-1: Ground out 3-1 (Groundball, 34)
|
Bottom of the 9th over - 2 run(s), 2 hit(s), 1 error(s), 1 left on base; Mile High 3 - District 9 2 |
|